 Dungeon Crawl Stone Soup version 0.21.1-1-g345015fe64 (webtiles) character file.

1018 Lothor the Cleaver (level 8, -8/64 HPs)
             Began as a Minotaur Fighter on Mar 22, 2018.
             Was an Initiate of Cheibriados.
             Mangled by an orc warrior
             ... wielding a +0 flail
              (21 damage)
             ... on level 6 of the Dungeon.
             The game lasted 00:13:49 (4288 turns).

Lothor the Cleaver (Minotaur Fighter)               Turns: 4288, Time: 00:13:50

Health: -8/64      AC:  8    Str: 22    XL:     8   Next: 2%
Magic:  7/7        EV: 11    Int:  6    God:    Cheibriados [......]
Gold:   292        SH:  9    Dex: 13    Spells: 7/7 levels left

rFire    . . .     SeeInvis .   a - +0 war axe
rCold    . . .     Gourm    .   c - +0 shield
rNeg     . . .     Faith    .   b - +0 scale mail
rPois    .         Spirit   .   (helmet restricted)
rElec    .         Reflect  .   (no cloak)
rCorr    .         Harm     +   t - +0 pair of gloves
MR       .....                  (no boots)
Stlth    ..........             v - amulet of harm
HPRegen  0.20/turn              e - +2 ring of evasion
MPRegen  0.10/turn              (no ring)

@: very slow
A: retaliatory headbutt, horns 2
a: Bend Time, Renounce Religion


You were on level 6 of the Dungeon.
You worshipped Cheibriados.
Cheibriados was noncommittal.
You were not hungry.

You visited 2 branches of the dungeon, and saw 7 of its levels.

You collected 292 gold pieces.

Inventory:

Hand Weapons
 a - a +0 war axe (weapon)
Missiles
 h - 11 tomahawks (quivered)
 n - 76 bolts
 u - 35 sling bullets
Armour
 b - a +0 scale mail (worn)
 c - a +0 shield (worn)
 t - a +0 pair of gloves (worn)
Jewellery
 e - a +2 ring of evasion (left hand)
 l - an uncursed ring of fire
 v - an amulet of harm (around neck)
 y - an uncursed ring of flight
 C - a cursed -2 ring of protection {unknown}
 D - a +4 ring of slaying {unknown}
Scrolls
 d - a scroll of amnesia {unknown}
 g - 4 scrolls of remove curse {unknown}
 i - 3 scrolls of enchant armour {unknown}
 o - 7 scrolls of teleportation {unknown}
 q - 2 scrolls of magic mapping {unknown}
 r - 3 scrolls of fear {unknown}
 w - a scroll of fog {unknown}
 A - a scroll of enchant weapon {unknown}
 E - a scroll of identify
Potions
 j - a potion of heal wounds {unknown}
 m - a potion of degeneration {unknown}
 s - 3 potions of curing {unknown}
 x - a potion of magic {unknown}
 z - a potion of might
 B - a potion of mutation {unknown}
Books
 p - a book of Misfortune

   Spells                             Type                      Level
   a - Confusing Touch                Hexes                        1
   b - Confuse                        Hexes                        3
   c - Gell's Gravitas                Translocation                3
   d - Petrify                        Transmutation/Earth          4
   e - Metabolic Englaciation         Hexes/Ice                    5
   f - Yara's Violent Unravelling     Hexes/Transmutation          5
Comestibles
 f - 12 rations


   Skills:
 - Level 3.6 Fighting
 + Level 10.3 Axes
 + Level 0.3 Throwing
 - Level 3.6 Armour
 + Level 3.6 Dodging
 + Level 0.9 Stealth
 - Level 3.6 Shields


You had 7 spell levels left.
You didn't know any spells.

Dungeon Overview and Level Annotations

Branches:
Dungeon (6/15)             Temple (1/1) D:6

Altars:
Ashenzari
Cheibriados
Dithmenos
Elyvilon
Fedhas
Gozag
Hepliaklqana
Kikubaaqudgha
Makhleb
Nemelex Xobeh
Okawaru
Qazlal
Ru
Sif Muna
Trog
Uskayaw
Vehumet
Xom
Yredelemnul
Zin
The Shining One


Innate Abilities, Weirdness & Mutations

You reflexively headbutt those who attack you in melee.
You have a pair of horns on your head.


Message History

You feel stronger.
You hit the orc warrior but do no damage.
The orc warrior hits you with a flail!!
You slash the orc warrior!
The orc warrior is almost dead.
You block the orc warrior's attack.
You hit the orc warrior but do no damage.
The orc warrior is almost dead.
The orc warrior hits you with a flail!
* * * LOW HITPOINT WARNING * * *
You hit the orc warrior but do no damage.
The orc warrior is almost dead.
You block the orc warrior's attack.
You barely miss the orc warrior.
The orc warrior is almost dead.
You block the orc warrior's attack.
Your shield and scale mail prevent you from hitting the orc warrior.
The orc warrior is almost dead.
The orc warrior hits you with a flail!!
You die...

###
###'#######
#.....#
#.###.#
+.#>#.+ #####
#.#'#.#
......#.....#
......###'####
.......o.....#
......)@.)...+
.............#
#+###........#
#..(.....#
+........#
#........#
#........#
...#######


You could see an orc warrior.

Vanquished Creatures
  Menkaure (D:5)
  2 ogres
  The ghost of Norrik the Chopper, a weakling MiMo (D:3)
  A scorpion (D:5)
  A centaur zombie (D:5)
  A jelly (D:5)
  5 orc priests
  A hound (D:5)
  3 orc wizards
  2 bullfrog zombies (D:5)
  3 iguanas
  A worker ant (D:5)
  Robin (D:2)
  3 adders
  A shadow imp (D:5)
  4 leopard geckos
  17 orcs
  A ball python (D:3)
  7 bats
  4 giant cockroaches (D:3)
  11 goblins
  8 hobgoblins
  4 jackals (D:2)
  4 frilled lizards
  5 kobolds
  A quokka zombie (D:5)
  5 rats
98 creatures vanquished.

Notes
Turn   | Place    | Note
-------+----------+-------------------------------------------
     0 | D:1      | Lothor the Minotaur Fighter began the quest for the Orb.
     0 | D:1      | Reached XP level 1. HP: 19/19 MP: 0/0
   143 | D:1      | Reached skill level 3 in Axes
   207 | D:1      | Reached XP level 2. HP: 24/26 MP: 1/1
   451 | D:2      | Found a sacrificial altar of Ru.
   678 | D:2      | Noticed Robin
   687 | D:2      | Reached skill level 4 in Axes
   691 | D:2      | Reached skill level 1 in Dodging
   691 | D:2      | Reached XP level 3. HP: 27/31 MP: 2/2
   696 | D:2      | Killed Robin
  1026 | D:3      | Reached XP level 4. HP: 35/39 MP: 3/3
  1115 | D:3      | Reached skill level 5 in Axes
  1244 | D:3      | Noticed Norrik's ghost (weakling MiMo)
  1268 | D:3      | Killed Norrik's ghost
  1268 | D:3      | Reached XP level 5. HP: 18/45 MP: 4/4
  1980 | D:4      | Noticed an ogre
  1997 | D:4      | Killed an ogre
  1997 | D:4      | Reached skill level 6 in Axes
  2354 | D:4      | Reached XP level 6. HP: 21/51 MP: 5/5
  2357 | D:4      | Reached skill level 7 in Axes
  3203 | D:5      | Entered Level 5 of the Dungeon
  3317 | D:5      | Reached skill level 8 in Axes
  3338 | D:5      | Reached XP level 7. HP: 38/57 MP: 6/6
  3437 | D:5      | Noticed Menkaure
  3443 | D:5      | Killed Menkaure
  3445 | D:5      | Reached skill level 9 in Axes
  3976 | D:5      | Reached skill level 10 in Axes
  4048 | D:6      | Found a staircase to the Ecumenical Temple.
  4060 | Temple   | Entered the Ecumenical Temple
  4208 | Temple   | Became a worshipper of Cheibriados the Contemplative
  4283 | D:6      | Reached XP level 8. HP: 50/64 MP: 7/7
  4288 | D:6      | Mangled by an orc warrior

Skill      XL: |  1  2  3  4  5  6  7 |
---------------+----------------------+-----
Axes           | 3 4 5 6 8 10 | 10.3
Dodging        | 1 2 3 |  3.6
Fighting       | |  3.6
Throwing       | |  0.3
Armour         | |  3.6
Stealth        | |  0.9
Shields        | |  3.6

Action                   |  1- 3 |  4- 6 |  7- 9 || total
-------------------------+-------+-------+-------++-------
Melee: War axe           |    76 |   115 |    46 ||   237
       Headbutt          |    10 |    23 |    11 ||    44
Throw: Tomahawk          |       |     2 |       ||     2
  Use: Potion            |       |     2 |       ||     2
       Scroll            |       |     4 |       ||     4
  Eat: Chunk             |       |     8 |     3 ||    11
Armor: Scale mail        |    46 |    35 |     8 ||    89
Dodge: Dodged            |    13 |    46 |    19 ||    78
Block: Shield            |    40 |    62 |    18 ||   120
